Match 45136794
Unlisted

Match 45136794
End
Selects Australian Defense Battlegroup
Selects Australian Light Infantry Section
Australian Light Infantry Section
Vickers Machine Gun Team
Australian Light Infantry Section
Australian Light Infantry Section
Construct Section Command Post
Construct Platoon Command Post
Unlock M3 Stuart Light Tanks
M3 Stuart Light Tank
6-pounder Anti-tank Gun Team
M3 Stuart Light Tank
Selects Defensive Tactics
Selects CMP 15cwt Supply Run
Selects Reinforced Resource Caches
Infantry Training
Infantry Section
Royal Engineer Section
Selects Archer Tank Destroyer
Archer Tank Destroyer
Unlock Bishop Self-propelled Artillery
Australian Light Infantry Section
Bishop Self-propelled Artillery
Selects Defensive Tactics
Selects Vehicle Over Repair
AI Takeover
KusseKarl
JT
✠Kaiser✠ tushkan
✠Kaiser✠ PERVITIN
0
0

Comments sign in to comment!

No comments posted yet!